AoeStats
← K

Black Forest

510294428Analyzed
4v4 RM · 3d ago on Sep 30, 2026· 59m 28s· 8 players
Game mode
Random Map
Map size
Large (8 player)
Population
200
Speed
Normal
Resources
Standard
Victory
Conquest
Starting age
Dark Age
Ending age
Imperial Age
RankedLock teamsTeams togetherTeam positionsShared explorationLock speedFull tech treeHidden civsTurbo modeCheats
Victory
Defeat
🇬🇧 Khmer · United Kingdom
1117
+12
🇨🇳 Mongols · China
1097
+13
🇯🇵 Burmese · Japan
1064
+14
🇨🇳 Dravidians · China
903
+21
🇨🇳 Teutons · China
1174
-22
🇨🇳 Maya · China
1049
-16
🇺🇸 Teutons · United States
1008
-14
🇨🇳 Turks · China
845
-8
kingjohnkk
1:03 Loom
13:25 Feudal Age
14:44 Wheelbarrow
14:35 Horse Collar
14:44 Double-Bit Axe
23:40 Castle Age
24:39 Hand Cart
24:37 Bow Saw
24:15 Horse Collar
25:12 Heavy Plow
26:48 Gold Mining
28:34 Squires
28:21 Gambesons
29:22 Scale Mail Armor
28:52 Man-at-Arms
29:19 Arson
29:52 Long Swordsman
30:12 Pikeman
32:39 Chain Mail Armor
34:24 Forging
38:21 Town Watch
新手玩玩
4:53 Loom
12:41 Feudal Age
13:13 Double-Bit Axe
13:10 Horse Collar
16:23 Stone Mining
19:07 Castle Age
17:47 Gold Mining
18:12 Arson
20:54 Bow Saw
21:58 Stone Shaft Mining
26:16 Wheelbarrow
27:18 Fletching
28:44 Fortified Wall
29:10 Hand Cart
30:21 Masonry
33:38 Imperial Age
31:20 Heavy Plow
31:50 Ballistics
31:45 Fervor
31:59 Scale Mail Armor
32:10 Forging
32:23 Town Watch
33:38 Bodkin Arrow
34:40 Iron Casting
34:21 Chain Mail Armor
34:12 Caravan
35:30 Chemistry
34:36 Siege Engineers
34:31 Onager
36:30 Blast Furnace
35:37 Town Patrol
36:02 Sanctity
36:17 Squires
36:03 Gambesons
35:41 Pikeman
37:00 Plate Mail Armor
36:31 Padded Archer Armor
36:20 Arrowslits
37:10 Crenellations
37:36 Conscription
38:19 Hoardings
37:52 Guard Tower
38:26 Bombard Tower
39:30 Two-Man Saw
39:02 Crop Rotation
40:39 Ironclad
41:12 Leather Archer Armor
40:54 Guard Tower
45:04 Ring Archer Armor
44:03 Halberdier
45:29 Scale Barding Armor
47:09 Elite Teutonic Knight
52:15 Onager
CARBON
0:56 Loom
13:31 Feudal Age
19:17 Castle Age
17:54 Double-Bit Axe
18:14 Horse Collar
21:12 Bow Saw
21:53 Fletching
23:49 Fishing Lines
26:18 Wheelbarrow
26:23 Bodkin Arrow
27:52 Gillnets
28:21 Gold Mining
29:22 Stone Mining
32:48 Imperial Age
31:38 Stone Shaft Mining
32:47 Hand Cart
34:15 Masonry
34:29 Conscription
35:46 Chemistry
36:04 Ballistics
36:36 Conscription
39:12 Holcans
40:02 Eagle Warrior
40:46 Squires
41:00 Arson
41:06 Elite Eagle Warrior
41:59 Forging
41:49 Scale Mail Armor
45:56 Iron Casting
46:23 Architecture
46:16 Chain Mail Armor
826477292
0:49 Loom
12:26 Feudal Age
13:24 Horse Collar
13:47 Double-Bit Axe
18:21 Gold Mining
18:23 Stone Mining
20:37 Castle Age
21:51 Heavy Plow
29:24 Bow Saw
29:55 Gold Shaft Mining
36:00 Imperial Age
34:46 Bloodlines
34:37 Husbandry
35:26 Squires
36:45 Wheelbarrow
36:19 Scale Barding Armor
36:14 Scale Mail Armor
36:25 Forging
37:06 Artillery
42:15 Two-Man Saw
41:43 Chain Barding Armor
41:38 Chain Mail Armor
41:59 Iron Casting
雷欧
11:33 Feudal Age
15:31 Castle Age
13:57 Horse Collar
14:04 Double-Bit Axe
16:36 Loom
21:02 Wheelbarrow
22:37 Bow Saw
24:14 Heavy Plow
25:46 Hand Cart
26:07 Gold Mining
30:57 Imperial Age
29:12 Stone Mining
30:59 Fletching
31:11 Padded Archer Armor
32:00 Bodkin Arrow
32:43 Ballistics
33:05 Leather Archer Armor
34:16 Two-Man Saw
34:43 Conscription
34:44 Wootz Steel
34:30 Medical Corps
35:01 Hoardings
34:31 Bracer
35:01 Ring Archer Armor
34:43 Forging
35:38 Guilds
35:30 Caravan
36:02 Fishing Lines
36:12 Elite Elephant Archer
36:58 Thumb Ring
37:01 Scale Mail Armor
37:07 Scale Barding Armor
39:36 Chemistry
38:27 Guard Tower
38:47 Masonry
39:16 Hoardings
40:43 Husbandry
40:37 Gillnets
40:13 Elite Skirmisher
40:56 Squires
40:41 Gambesons
40:43 Arson
40:18 Pikeman
41:28 Chain Mail Armor
41:48 Iron Casting
41:33 Chain Barding Armor
41:03 Town Watch
42:39 Plate Mail Armor
41:32 Elite Urumi Swordsman
42:17 Devotion
48:33 Siege Elephant
50:26 Blast Furnace
SAKA
0:49 Loom
13:16 Feudal Age
19:53 Castle Age
17:58 Horse Collar
21:45 Wheelbarrow
27:08 Fletching
28:03 Bodkin Arrow
31:41 Imperial Age
31:21 Scale Barding Armor
31:18 Padded Archer Armor
31:28 Forging
34:19 Hand Cart
40:40 Elite Arambai
42:02 Murder Holes
47:14 Caravan
K
12:08 Feudal Age
16:28 Castle Age
14:23 Double-Bit Axe
16:09 Stone Mining
18:11 Bow Saw
17:43 Horse Collar
22:24 Gold Mining
24:23 Heavy Plow
25:48 Gold Shaft Mining
29:46 Imperial Age
28:31 Wheelbarrow
27:42 Loom
29:06 Stone Shaft Mining
29:47 Hand Cart
29:18 Town Watch
30:05 Ballistics
29:58 Forging
29:53 Scale Barding Armor
30:21 Tusk Swords
31:39 Iron Casting
31:26 Husbandry
31:37 Bloodlines
32:08 Conscription
32:18 Elite Ballista Elephant
34:03 Chemistry
33:59 Chain Barding Armor
34:43 Blast Furnace
33:34 Fletching
35:06 Double Crossbow
35:51 Pikeman
36:16 Arson
36:34 Scale Mail Armor
37:10 Plate Barding Armor
37:07 Light Cavalry
38:19 Chain Mail Armor
38:00 Bodkin Arrow
37:28 Halberdier
38:18 Siege Engineers
38:10 Murder Holes
43:26 Hussar
45:43 Caravan
_xy_2252
0:54 Loom
11:58 Feudal Age
13:16 Wheelbarrow
17:13 Castle Age
15:20 Double-Bit Axe
16:00 Fishing Lines
19:57 Gillnets
21:58 Bow Saw
22:49 Stone Mining
23:34 Hand Cart
23:18 Town Watch
24:27 Stone Shaft Mining
25:04 Gold Mining
26:50 Gold Shaft Mining
30:42 Imperial Age
28:22 Padded Archer Armor
28:13 Fletching
29:25 Leather Archer Armor
30:19 Bodkin Arrow
30:59 Ballistics
30:50 Fortified Wall
32:39 Chemistry
31:41 Bracer
32:35 Fervor
32:20 Herbal Medicine
33:16 Elite Mangudai
34:39 Conscription
35:41 Parthian Tactics
35:22 Thumb Ring
35:31 Caravan
36:39 Siege Engineers
37:18 Scale Barding Armor
37:25 Forging
38:26 Chain Barding Armor
38:21 Masonry
39:04 Drill
40:03 Iron Casting
39:53 Murder Holes
40:22 Light Cavalry
41:13 Bloodlines
41:03 Husbandry
42:05 Blast Furnace
42:35 Hussar
46:59 Capped Ram
49:35 Siege Ram
55:34 Coinage
58:39 Banking
Connection lost

Rejoining the realm…

Still unreachable

The connection could not be restored.

Session expired

The server has moved on; the page needs a fresh start.